 Dungeon Crawl Stone Soup version 0.17.1-3-g152610e (webtiles) character file.

725 Yevrel the Covered (level 7, -3/60 HPs)
             Began as a Minotaur Fighter on Apr 5, 2016.
             Splashed with acid (6 damage)
             ... in the Ecumenical Temple.
             The game lasted 00:09:30 (3299 turns).

Yevrel the Covered (Minotaur Fighter)               Turns: 3299, Time: 00:09:30

Health: -3/60      AC: 14    Str: 23    XL:     7   Next: 43%
Magic:  6/6        EV:  5    Int:  5    God:
Gold:   173        SH: 10    Dex:  9    Spells: 0 memorised, 6 levels left

rFire  . . .     SeeInvis .     a - +0 flail
rCold  . . .     Clarity  .     g - +0 plate armour
rNeg   . . .     SustAt   .     c - +0 shield
rPois  .         Gourm    .     (helmet restricted)
rElec  .         Spirit   .     (no cloak)
rCorr  .         Warding  .     j - +0 pair of gloves
rMut   .         Stasis   .     (no boots)
MR     .....                    (no amulet)
Stlth  ..........               (no ring)
                                (no ring)

@: not resistant to hostile enchantments, extremely unstealthy
A: retaliatory headbutt, horns 2
a: no special abilities


You were in the Ecumenical Temple.
You were not hungry.

You visited 2 branches of the dungeon, and saw 6 of its levels.

You collected 173 gold pieces.

Inventory:

Hand Weapons
 a - a +0 flail (weapon)
Missiles
 y - 2 tomahawks (quivered)
Armour
 b - a +0 scale mail
 c - a +0 shield (worn)
 g - a +0 plate armour (worn)
 j - a +0 pair of gloves (worn)
Wands
 t - a wand of magic darts (28)
 A - a wand of paralysis (2)
Scrolls
 f - a scroll of amnesia {unknown}
 h - 7 scrolls of identify {unknown}
 k - a scroll of fear {unknown}
 m - a scroll of fog {unknown}
 n - a scroll of remove curse {unknown}
 p - 2 scrolls of teleportation {unknown}
 s - 2 scrolls of enchant weapon {unknown}
 z - a scroll of random uselessness {unknown}
Potions
 d - a potion of might
 i - a potion of haste {unknown}
 l - a potion of ambrosia {unknown}
 o - 2 potions of heal wounds {unknown}
 q - a potion of flight {unknown}
 r - a potion of curing {unknown}
 v - 2 potions of poison {unknown}
 w - a potion of mutation {unknown}
 x - a potion of magic {unknown}
Comestibles
 e - 2 bread rations
 u - 10 fruits


   Skills:
 + Level 4.8 Fighting
 + Level 5.1 Maces & Flails
 + Level 6.9 Armour
 + Level 1.3 Dodging
 + Level 1.0 Stealth
 + Level 6.1 Shields


You had 6 spell levels left.
You didn't know any spells.

Dungeon Overview and Level Annotations

Branches:
Dungeon (5/15)             Temple (1/1) D:5

Altars:
Ashenzari
Cheibriados
Elyvilon
Makhleb
Nemelex Xobeh
Vehumet
Jiyva

Shops:
D:5 %


Innate Abilities, Weirdness & Mutations

You reflexively headbutt those who attack you in melee.
You have a pair of horns on your head.


Message History

Found 16 stones.
Things that are here:
a dagger; a robe; an orc corpse
Things that are here:
a dagger; a robe; an orc corpse
There is a staircase to the Ecumenical Temple here.
You can't go up here!
You climb downwards.
Welcome to the Ecumenical Temple!
There is a staircase back to the Dungeon here.
Found a viscous altar of Jiyva.
There is a viscous altar of Jiyva here.
You kneel at the altar of Jiyva.
There is a viscous altar of Jiyva here.
The wall burns you! The walls burn you! The wall burns you! The walls burn you!
* * * LOW HITPOINT WARNING * * *
The wall burns you!
You die...

##############
##............#
##..............
##...............
##................
##.....####.#####..
##.@...## #..# ##.
##.....##. ##.# .##
#.....##.. #..# ..#
#....##.... #.## ....
#....# ..##..##..
#....# #.##.#.#
#....# ####....#####
#....#...#...._...#..
#..<..#...#....#...#.


There were no monsters in sight!

Vanquished Creatures
  Grinder (D:4)
  An ogre (D:4)
  An ice beast (D:5)
  A hound (D:4)
  2 orc wizards (D:5)
  A giant frog zombie (D:5)
  3 worker ants
  An iguana (D:5)
  A hound skeleton (D:4)
  7 adders
  3 oozes (D:1)
  3 worms
  4 giant geckos
  7 orcs (D:5)
  3 ball pythons
  2 giant cockroaches (D:1)
  7 goblins
  A hobgoblin (D:2)
  2 jackals (D:2)
  2 bats
  5 giant newts
  4 kobolds
  4 quokkas
  8 rats
74 creatures vanquished.

Notes
Turn   | Place    | Note
--------------------------------------------------------------
     0 | D:1      | Yevrel the Minotaur Fighter began the quest for the Orb.
     0 | D:1      | Reached XP level 1. HP: 19/19 MP: 0/0
   318 | D:1      | Reached skill level 4 in Fighting
   318 | D:1      | Reached XP level 2. HP: 27/27 MP: 1/1
   542 | D:1      | Reached XP level 3. HP: 29/33 MP: 2/2
   622 | D:1      | Found a shattered altar of Ashenzari.
  1017 | D:2      | Found a white marble altar of Elyvilon.
  1084 | D:2      | Found a faded altar to an unknown god.
  1260 | D:2      | Found a white marble altar of Elyvilon.
  1459 | D:2      | Reached XP level 4. HP: 39/41 MP: 3/3
  1484 | D:2      | Found a burning altar of Makhleb.
  1485 | D:2      | Found a radiant altar of Vehumet.
  1841 | D:4      | Reached skill level 5 in Armour
  1903 | D:4      | Noticed Grinder
  1907 | D:4      | Paralysed by Grinder for 2 turns
  1916 | D:4      | Killed Grinder
  1916 | D:4      | Reached skill level 6 in Armour
  1916 | D:4      | Reached skill level 1 in Dodging
  1916 | D:4      | Reached skill level 5 in Shields
  1916 | D:4      | Reached XP level 5. HP: 36/47 MP: 4/4
  1916 | D:4      | Reached XP level 6. HP: 40/53 MP: 5/5
  2098 | D:4      | Found a sparkling altar of Nemelex Xobeh.
  2412 | D:4      | Found a shattered altar of Ashenzari.
  2551 | D:4      | Found a snail-covered altar of Cheibriados.
  2692 | D:4      | Reached skill level 1 in Stealth
  2795 | D:5      | Entered Level 5 of the Dungeon
  2798 | D:5      | Reached XP level 7. HP: 58/60 MP: 6/6
  2971 | D:5      | Found Rutom's Food Shop.
  3140 | D:5      | Found a staircase to the Ecumenical Temple.
  3163 | D:5      | Reached skill level 5 in Maces & Flails
  3194 | Temple   | Entered the Ecumenical Temple
  3298 | Temple   | HP: 2/60 [acid (22)]
  3299 | Temple   | Splashed with acid

Action                   |  1- 3 |  4- 6 |  7- 9 || total
-------------------------+-------+-------+-------++-------
Melee: Flail             |   108 |    84 |    54 ||   246
  Eat: Bread ration      |     1 |       |     1 ||     2
